 Dungeon Crawl Stone Soup version 0.26-a0-812-g31a745ddcd (webtiles) character file.

Game seed: 16344670130523753443

156 Lanoc the Ducker (level 5, -2/42 HPs)
             Began as a Deep Dwarf Venom Mage on Dec 9, 2020.
             Slain by an orc
             ... wielding a cursed -1 flail
              (11 damage)
             ... on level 3 of the Dungeon.
             The game lasted 00:02:52 (958 turns).

Lanoc the Ducker (Deep Dwarf Venom Mage)             Turns: 958, Time: 00:02:53

Health: -2/42      AC:  2    Str: 12    XL:     5   Next: 14%
Magic:  1/6        EV: 13    Int: 16    God:
Gold:   39         SH:  0    Dex: 13    Spells: 6/7 levels left

rFire    . . .     SeeInvis .   b - +1 dagger (speed)
rCold    . . .     Faith    .   (no shield)
rNeg     . . .     Spirit   .   a - +0 robe
rPois    .         Reflect  .   (no helmet)
rElec    .         Harm     .   (no cloak)
rCorr    .         Rampage  .   (no gloves)
MR       .....                  (no boots)
Stlth    ++........             (no amulet)
HPRegen  0.00/turn              (no ring)
MPRegen  0.10/turn              (no ring)

@: non-regenerating
A: damage resistance, heal wounds, sense surroundings 1, no regeneration
a: Heal Wounds


You were on level 3 of the Dungeon.
You visited 1 branch of the dungeon, and saw 3 of its levels.

You collected 39 gold pieces.

Inventory:

Hand Weapons
 b - a +1 dagger of speed (weapon)
Armour
 a - a +0 robe (worn)
Jewellery
 d - an uncursed amulet of guardian spirit {unknown}
Scrolls
 c - a scroll of identify {unknown}
 f - a scroll of noise {unknown}


   Skills:
 + Level 3.4 Dodging
 - Level 2.4 Stealth
 - Level 1.7 Spellcasting
 * Level 3.2 Transmutations
 + Level 3.2 Poison Magic


You had 6 spell levels left.
You knew the following spells:

 Your Spells              Type           Power        Failure   Level
a - Sting                 Tmut/Pois      ##..         5%          1

Your spell library contained the following spells:

 Spells                   Type           Power        Failure   Level
 Poisonous Vapours        Pois/Air       #.....       17%         2
 Ignite Poison            Fire/Tmut/Pois #.......     26%         3
 Mephitic Cloud           Conj/Pois/Air  #.......     38%         3
 Olgreb's Toxic Radiance  Pois           ##......     50%         4


Dungeon Overview and Level Annotations

Branches:
Dungeon (3/15)

Altars:
Yredelemnul

Annotations:
D:2 1 runed translucent door


Innate Abilities, Weirdness & Mutations

You are resistant to damage.
You can heal yourself by infusing magical energy.
You passively map a small area around you.
You do not regenerate.


Message History

Aiming: Sting (safe; 5% risk of failure)
Press: ? - help, Shift-Dir - straight line, f - frilled lizard
Aim: a frilled lizard The sting misses the frilled lizard.
The orc hits you from afar with a +0 trident.
You are no longer poisoned.
You hit the frilled lizard.
You kill the frilled lizard!
The orc hits you with a cursed -1 flail.
The orc hits you from afar with a +0 trident!
* * * LOW HITPOINT WARNING * * *
The orc closely misses you.
You hit the orc.
The orc is lightly wounded.
The orc hits you from afar with a +0 trident.
* * * LOW HITPOINT WARNING * * *
You hit the orc but do no damage.
The orc is lightly wounded.
The orc hits you with a cursed -1 flail!
You die...

#...........).....>......
#........................
#........................
**####........................
.............................
.............................
#............o................
####..........................
* *#........o@................
.....!.....##........
...........# ....... ,
..########## ####### * , , , ,
,*,,, ,,, , ,, , ,, , , , , ,
,


You could see 2 orcs.

Vanquished Creatures
  An orc priest (D:3)
  An orc wizard (D:3)
  A worker ant (D:3)
  5 adders
  A leopard gecko (D:2)
  An orc (D:3)
  2 giant cockroaches
  4 goblins
  3 kobolds
  A bat (D:2)
  4 frilled lizards
  A kobold zombie (D:2)
  5 rats
30 creatures vanquished.

Vanquished Creatures (others)
  13 toadstools (D:3)
13 creatures vanquished.

Grand Total: 43 creatures vanquished

Notes
Turn   | Place    | Note
-------+----------+-------------------------------------------
     0 | D:1      | Lanoc the Deep Dwarf Venom Mage began the quest for the
                  | Orb.
     0 | D:1      | Reached XP level 1. HP: 15/15 MP: 3/3
    41 | D:1      | Reached skill level 1 in Transmutations
   181 | D:2      | Noticed a human
   182 | D:2      | Found a runed translucent door.
   186 | D:2      | Found a basalt altar of Yredelemnul.
   270 | D:2      | Reached XP level 2. HP: 17/22 MP: 2/4
   614 | D:3      | Reached XP level 3. HP: 22/28 MP: 1/5
   800 | D:3      | Reached XP level 4. HP: 22/36 MP: 1/6
   924 | D:3      | Reached XP level 5. HP: 15/42 MP: 0/7
   958 | D:3      | Slain by an orc

Illustrated notes

Levels and vault maps discovered:
D:1:      dpeg_arrival_subterranean_lakeside_camping, layout_rooms,
          minmay_octomino_c4
D:2:      layout_basic, hangedman_decor_diamond_cutter, dk_yredelemnul_ordeal
D:3:      layout_basic, tgw_fedhas, uniq_terence

Skill      XL: |  1  2  3  4 |
---------------+-------------+-----
Transmutations | 1 2 3 |  3.2
Dodging        | 3 |  3.4
Poison Magic   | 3 |  3.2
Stealth        | |  2.4
Spellcasting   | |  1.7

Action                   |  1- 3 |  4- 6 || total
-------------------------+-------+-------++-------
Melee: Unarmed           |    38 |    14 ||    52
       Dagger            |       |     3 ||     3
 Cast: Sting             |    40 |    15 ||    55
 Abil: Heal Wounds       |       |     1 ||     1
  Use: Potion            |       |     2 ||     2
Armor: Robe              |     9 |     4 ||    13
Dodge: Dodged            |    42 |    19 ||    61

Table legend: (Time is in decaauts)
 A = Elapsed time spent in this place.
 B = Non-inter-level travel time spent in this place.
 C = Inter-level travel time spent in this place.
 D = Time resting spent in this place.
 E = Time spent auto-exploring this place.
 F = Levels seen in this place.
 G = Mean time per level.
                   A        B        C        D        E       F      G
               +--------+--------+--------+--------+--------+-----+--------+
         Total |    942 |    942 |      0 |      0 |    642 |   3 |  314.0 |
       Dungeon |    942 |    942 |      0 |      0 |    642 |   3 |  314.0 |
               +--------+--------+--------+--------+--------+-----+--------+

Top non-repeatable levels by time:
     D:2: 413 daAuts
     D:3: 373 daAuts
     D:1: 155 daAuts
